 Dungeon Crawl Stone Soup version 0.17.0-57-g0e89251 (console) character file.

58 Kloppie the Conjurer (level 3, -2/26 HPs)
             Began as a Draconian Conjurer on Dec 7, 2015.
             Slain by Ijyb
             ... wielding a +0 club
              (7 damage)
             ... on level 1 of the Dungeon on Dec 8, 2015.
             The game lasted 00:03:50 (1589 turns).

Kloppie the Conjurer (Draconian Conjurer)           Turns: 1589, Time: 00:03:50

Health: -2/26      AC:  5    Str: 10    XL:     3   Next: 76%
Magic:  0/7        EV: 12    Int: 16    God:
Gold:   38         SH:  0    Dex: 11    Spells: 2 memorised, 5 levels left

rFire  . . .     SeeInvis .     k - +0 whip
rCold  . . .     Clarity  .     (armour unavailable)
rNeg   . . .     SustAt   .     (no shield)
rPois  .         Gourm    .     (helmet restricted)
rElec  .         Spirit   .     (no cloak)
rCorr  .         Warding  .     (no gloves)
rMut   .         Stasis   .     (no boots)
MR     .....                    (no amulet)
Stlth  ++........               (no ring)
                                (no ring)

@: not resistant to hostile enchantments, unstealthy
A: unfitting armour, cold-blooded, AC +5
a: no special abilities


You were on level 1 of the Dungeon.
You were hungry.

You visited 1 branch of the dungeon, and saw 2 of its levels.

You collected 38 gold pieces.

Inventory:

Hand Weapons
 c - a +0 dagger
 k - a +0 whip (weapon)
Scrolls
 d - a scroll of remove curse {unknown}
 h - a scroll of fog {unknown}
Potions
 e - 3 potions of degeneration {unknown}
 f - a potion of curing
 g - a potion of agility {unknown}
Books
 a - a book of Conjurations

   Spells                             Type                      Level
   a - Magic Dart                     Conjuration                  1
   b - Searing Ray                    Conjuration                  2
   c - Dazzling Spray                 Conjuration/Hexes            3
   d - Fulminant Prism                Conjuration/Hexes            4
   e - Iskenderun's Mystic Blast      Conjuration                  4
   f - Iskenderun's Battlesphere      Conjuration/Charms           5
Comestibles
 b - a bread ration
 i - 3 fruits
 j - 4 chunks of flesh


   Skills:
 - Level 1.7 Dodging
 - Level 1.7 Stealth
 + Level 3.1 Spellcasting
 + Level 4.7 Conjurations


You had 5 spell levels left.
You knew the following spells:

 Your Spells              Type           Power        Failure   Level  Hunger
a - Magic Dart            Conj           ###.         2%          1    None
b - Searing Ray           Conj           ###...       4%          2    ##.....


Dungeon Overview and Level Annotations

Branches:
Dungeon (2/15)

Altars:

Annotations:
D:1 Ijyb


Innate Abilities, Weirdness & Mutations

Your plain brown scales are hard (AC +5).
Your body does not fit into most forms of armour.
You are cold-blooded and may be slowed by cold attacks.


Message History

* * * LOW HITPOINT WARNING * * *
You closely miss Ijyb.
Ijyb is heavily wounded.
Ijyb hits you with a club.
* * * LOW HITPOINT WARNING * * *
Casting: Magic Dart
Confirm with . or Enter, or press ? or * to list all spells.
Aiming: Searing Ray
Press: ? - help, Shift-Dir - straight line, f/p - Ijyb
Aim: Ijyb, wielding a club and wearing a ring mail (heavily wounded)
The searing ray hits Ijyb.
Ijyb is severely wounded.
Ijyb hits you but does no damage.
The searing ray hits Ijyb.
Ijyb is severely wounded.
Ijyb closely misses you.
The searing ray hits Ijyb.
Ijyb is almost dead.
Ijyb hits you with a club!
You die...

................##.# #.........
............###'##.#####.........
............##.........#.........
.............#.........#.######..
..#..........#...........# #..
..#..............#.####### ###
.........####.#(.################
.........+.......................
.........####...@g....#.#########
...........##.........#.# #....#
......................#.# #....#
...........###........#.####....#
...........# #........#.##......#
...........# #.#........##.......
...........###.#......#.##.......
#####........#.##.....#.##.......
#........#........#.##.......


You could see Ijyb.

Vanquished Creatures
  An adder (D:2)
  4 oozes
  A worm (D:2)
  A giant gecko (D:1)
  3 giant cockroaches
  3 goblins (D:1)
  4 hobgoblins
  3 kobolds (D:1)
  A bat (D:1)
  3 giant newts
  6 rats (D:1)
30 creatures vanquished.

Notes
Turn   | Place    | Note
--------------------------------------------------------------
     0 | D:1      | Kloppie the Draconian Conjurer began the quest for the Orb.
     0 | D:1      | Reached XP level 1. HP: 14/14 MP: 3/3
   260 | D:1      | Reached XP level 2. HP: 20/20 MP: 1/5
   842 | D:1      | Reached XP level 3. HP: 26/26 MP: 1/7
  1249 | D:2      | Learned a level 2 spell: Searing Ray
  1461 | D:2      | Noticed Ijyb
  1589 | D:1      | Slain by Ijyb

Action                   || total
-------------------------++-------
Melee: Dagger            ||    76
       Unarmed           ||     7
       Whip              ||     7
 Cast: Magic Dart        ||    54
       Searing Ray       ||     4
  Use: Potion            ||     1
 Stab: Sleeping          ||     1
  Eat: Chunk             ||     2
